 Dungeon Sprint DCSS version 0.28.0-43-g3370ac3207 (webtiles) character file.

Game seed: 2907324188569391380

5639 boopmooplesden the Fencer (level 10, -10/111 HPs)
             Began as a Minotaur Berserker on Mar 12, 2022.
             Was the Champion of Trog.
             Killed from afar by a lava snake (11 damage)
             ... with a glob of lava
             ... in the Dungeon (Sprint II: "The Violet Keep of Menkaure").
             The game lasted 00:05:55 (1501 turns).

boopmooplesden the Fencer (Minotaur Berserker)      Turns: 1501, Time: 00:05:56

Health: -10/111    AC: 17    Str: 30    XL:     10   Next: 46%
Magic:  9/9        EV: 13    Int:  6    God:    Trog [******]
Gold:   376        SH:  0    Dex: 13    Spells: 9/9 levels left

rFire   . . .      SeeInvis .   l - +5 great sword
rCold   + . .      Faith    .   (shield currently unavailable)
rNeg    + . .      Spirit   .   i - +1 chain mail "Jeavejo" {Will+ Dex+3}
rPois   .          Reflect  .   (helmet restricted)
rElec   .          Harm     .   (no cloak)
rCorr   .          Rampage  .   k - +0 pair of gloves
Will    ++...      NoTele   +   x - +1 pair of boots
Stlth   ..........              (no amulet)
HPRegen 0.28/turn               j - ring "Leidudwi" {rC+ rN+ Will+}
MPRegen 0.11/turn               n - +6 ring of strength

@: on berserk cooldown, slowed, very slow
A: horns 2, retaliatory headbutt
a: Renounce Religion, Berserk, Trog's Hand, Brothers in Arms


You were in the Dungeon.
You worshipped Trog.
Trog was exalted by your worship.
You visited 1 branch You collected 1385 gold pieces.
You spent 1009 gold pieces at shops.

Inventory:

Hand Weapons
 a - a +1 falchion
 l - a +5 great sword (weapon)
Armour
 b - a +0 animal skin
 i - the +1 chain mail "Jeavejo" (worn) {Will+ Dex+3}
   (You bought it in a shop in the Dungeon)

   Dex:       It affects your dexterity (+3).
   Will:      It increases your willpower.
 k - a +0 pair of gloves (worn)
 o - a +2 buckler
 p - a +0 chain mail
 x - a +1 pair of boots (worn)
Jewellery
 j - the ring "Leidudwi" (left hand) {rC+ rN+ Will+}
   (You bought it in a shop in the Dungeon)

   [ring of protection from cold]

   rC:        It protects you from cold.
   rN:        It protects you from negative energy.
   Will:      It increases your willpower.
 n - a +6 ring of strength (right hand)
 q - a ring of see invisible
 r - a ring of ice
Scrolls
 h - 3 scrolls of blinking
Potions
 c - a potion of curing
 d - a potion of heal wounds
 e - a potion of haste
 f - 5 potions of magic
 g - 3 potions of berserk rage
 m - 2 potions of flight
 t - a potion of cancellation {unknown}
 u - a potion of might {unknown}
 v - 2 potions of attraction {unknown}
 w - a potion of mutation {unknown}
 z - 3 potions of resistance


   Skills:
 + Level 17.6 Fighting
 + Level 18.6 Long Blades
 + Level 12.3 Armour
 + Level 9.7 Dodging


You had 9 spell levels left.
You didn't know any spells.
Your spell library was empty.

Dungeon Overview and Level Annotations

Branches:
Dungeon (1/1)

Altars:
Cheibriados
Dithmenos
Elyvilon
Fedhas
Gozag
Hepliaklqana
Kikubaaqudgha
Makhleb
Nemelex Xobeh
Okawaru
Qazlal
Ru
Sif Muna
Trog
Uskayaw
Vehumet
Wu Jian
Xom
Yredelemnul
Zin
The Shining One
Beogh
Jiyva
Lugonu

Shops:
D ?=:[(!!([[=?:!!

Annotations:
D exclusions: obsidian statue and oklob plant


Innate Abilities, Weirdness & Mutations

You have a pair of horns on your head.
You reflexively headbutt those who attack you in melee.


Message History

The centaur warrior is severely wounded.
The centaur warrior hits you. The centaur warrior closely misses you.
You barely miss the centaur warrior.
The centaur warrior is severely wounded.
The yaktaur captain is engulfed in blazing flames.
The yaktaur captain wields a +0 arbalest.
The yaktaur captain shoots a bolt.
The bolt hits you.
You slice the centaur warrior like a ripe choko!!!
You kill the centaur warrior!
Trog accepts your kill. Trog grants you a weapon!
Something appears at your feet!
You see here a +2 vorpal double sword.
You are engulfed in blazing flames.
* * * LOW HITPOINT WARNING * * *
You are no longer berserk.
You are exhausted.
You feel yourself slow down.
The yaktaur captain is engulfed in blazing flames.
The yaktaur captain unwields a +0 arbalest.
The yaktaur captain hits you.
* * * LOW HITPOINT WARNING * * *
You see here a +0 glaive.
You slash the yaktaur captain!
The yaktaur captain is severely wounded.
You are engulfed in blazing flames.
* * * LOW HITPOINT WARNING * * *
The yaktaur captain is engulfed in blazing flames.
The yaktaur captain hits you.
* * * LOW HITPOINT WARNING * * *
You slash the yaktaur captain!
You kill the yaktaur captain!
Trog accepts your kill.
You are engulfed in blazing flames.
* * * LOW HITPOINT WARNING * * *
The lava snake spits lava at you. The glob of lava hits you.
* * * LOW HITPOINT WARNING * * *
The lava snake spits lava at you. The glob of lava hits you!
You die...

####+#### ##○☼§§°≈○##
##☼°○≈≈≈≈°○## ▓▓ +§§○○°≈≈≈≈≈§# +.
. #☼§°§≈≈§≈§ #. cz.≈##§SSSS≈ #.
##########≈≈#''○#+++## #
#########≈≈≈...°@....# #
........#≈≈≈≈.##)##..# #. #
....⌠...#≈≈≈≈##.#.##.#### +.##.#
...∩.∩..#≈≈≈≈#..#..# ...# ...##
..∩.∩.∩.#≈≈####...####..## #..##
.∩.∩.∩.∩#≈##.###'###.##..# +..#.
∩.∩.....#≈###.##.##...#..# #..#)
.∩.....∩'≈'.##'.<.')#.'..####^.##
∩.......#≈#...##.##...#....###...


You could see 4 lava snakes.

Vanquished Creatures
  Kirke (D)
  A yaktaur captain (D)
  A centaur warrior (D)
  2 deep trolls (D)
  A skeletal warrior (D)
  A merfolk siren (D)
  A kobold demonologist (D)
  A yaktaur (D)
  3 polar bears (D)
  A blink frog (D)
  A hornet (D)
  5 water moccasins (D)
  4 necrophages (D)
  4 scorpions (D)
  3 worms (D)
30 creatures vanquished.

Vanquished Creatures (others)
  A cane toad (D)
  Menkaure (D)
  24 tentacles (D)
26 creatures vanquished.

Grand Total: 56 creatures vanquished

Notes
Turn   | Place    | Note
-------+----------+-------------------------------------------
     0 | D        | boopmooplesden the Minotaur Berserker began the quest for
                  | the Orb.
     0 | D        | Reached XP level 1. HP: 19/19 MP: 0/0
     1 | D        | Noticed a necrophage
     1 | D        | Noticed a necrophage
     1 | D        | Noticed a necrophage
     1 | D        | Noticed a necrophage
     6 | D        | Killed a necrophage
     7 | D        | Reached skill level 7 in Long Blades
     7 | D        | Reached XP level 2. HP: 34/34 MP: 1/1
     7 | D        | Reached XP level 3. HP: 39/39 MP: 2/2
     7 | D        | Reached XP level 4. HP: 47/47 MP: 3/3
    13 | D        | Killed a necrophage
    14 | D        | Reached skill level 9 in Long Blades
    14 | D        | Reached XP level 5. HP: 56/56 MP: 4/4
    16 | D        | Killed a necrophage
    16 | D        | Reached ** piety under Trog
    17 | D        | Reached skill level 10 in Long Blades
    17 | D        | Reached skill level 5 in Armour
    19 | D        | Killed a necrophage
    20 | D        | Reached skill level 10 in Fighting
    20 | D        | Reached skill level 11 in Long Blades
    20 | D        | Reached skill level 5 in Dodging
    20 | D        | Reached XP level 6. HP: 52/67 MP: 5/5
    41 | D        | Killed Menkaure
    76 | D        | Noticed a merfolk siren
    83 | D        | Killed a merfolk siren
    83 | D        | Reached *** piety under Trog
    84 | D        | Reached skill level 12 in Long Blades
    84 | D        | Reached XP level 7. HP: 73/77 MP: 6/6
    96 | D        | Reached skill level 13 in Long Blades
   108 | D        | Reached **** piety under Trog
   151 | D        | Found Nucaila's Distillery.
   151 | D        | Found Yplak's Magic Scroll Emporium.
   151 | D        | Found Sairourgh's Book Emporium.
   151 | D        | Found Hohosaega's Antique Armour Shoppe.
   151 | D        | Found Waeton's Jewellery Shoppe.
   154 | D        | Found Plog's Antique Armour Shoppe.
   154 | D        | Found Petim's Antique Weapon Emporium.
   155 | D        | Found Usyarag's Distillery.
   155 | D        | Found Joes Goremy's Distillery.
   155 | D        | Found Pioh Pol's Distillery.
   161 | D        | Reached XP level 8. HP: 46/86 MP: 7/7
   311 | D        | Noticed a blink frog
   318 | D        | Killed a blink frog
   319 | D        | Reached skill level 14 in Long Blades
   322 | D        | Found Vuwatz Pofe's Weapon Shoppe.
   322 | D        | Found Meomom's Antique Armour Emporium.
   322 | D        | Noticed a great orb of eyes
   322 | D        | Noticed an oklob plant
   323 | D        | Found Wurchock's Jewellery Shoppe.
   323 | D        | Found Nousem's Magic Scroll Emporium.
   323 | D        | Found Lezatagh's Book Shoppe.
   325 | D        | Noticed an iron elemental
   327 | D        | Noticed a hell hog
   332 | D        | Bought a translucent chain mail for 266 gold pieces
   332 | D        | Identified the +1 chain mail "Jeavejo" {Will+ Dex+3} (You
                  | bought it in a shop in the Dungeon)
   358 | D        | Noticed a hell hog
   358 | D        | Noticed a flying skull
   358 | D        | Noticed a flying skull
   359 | D        | Bought the ring "Leidudwi" {rC+ rN+ Will+} for 459 gold
                  | pieces
   363 | D        | Bought a pair of gloves for 126 gold pieces
   372 | D        | Bought a scroll of enchant weapon for 82 gold pieces
   428 | D        | Reached ***** piety under Trog
   430 | D        | Found a glowing silver altar of Zin.
   431 | D        | Found a glowing golden altar of the Shining One.
   431 | D        | Found a basalt altar of Yredelemnul.
   431 | D        | Found a hide-covered altar of Uskayaw.
   432 | D        | Found a shimmering altar of Xom.
   432 | D        | Found a bloodstained altar of Trog.
   432 | D        | Found a radiant altar of Vehumet.
   432 | D        | Found a burning altar of Makhleb.
   433 | D        | Found an ornate altar of the Wu Jian Council.
   433 | D        | Found a shimmering blue altar of Sif Muna.
   433 | D        | Found a corrupted altar of Lugonu.
   434 | D        | Found a sacrificial altar of Ru.
   434 | D        | Found an ancient bone altar of Kikubaaqudgha.
   434 | D        | Found a white marble altar of Elyvilon.
   435 | D        | Found a stormy altar of Qazlal.
   435 | D        | Found a viscous altar of Jiyva.
   435 | D        | Found a shadowy altar of Dithmenos.
   436 | D        | Found a hazy altar of Hepliaklqana.
   436 | D        | Found a snail-covered altar of Cheibriados.
   438 | D        | Noticed a yaktaur
   438 | D        | Noticed a hornet
   438 | D        | Noticed a polar bear
   438 | D        | Noticed a polar bear
   449 | D        | Killed a polar bear
   450 | D        | Noticed a polar bear
   453 | D        | Killed a polar bear
   454 | D        | Reached skill level 15 in Long Blades
   455 | D        | Killed a hornet
   457 | D        | Killed a yaktaur
   458 | D        | Reached skill level 15 in Fighting
   458 | D        | Reached skill level 16 in Long Blades
   458 | D        | Reached XP level 9. HP: 97/97 MP: 8/8
   459 | D        | Killed a polar bear
   515 | D        | Noticed a kraken
   754 | D        | Found the +9 scales of the Dragon King {rPois rF+ rC+
                  | Will+}
  1220 | D        | Found a blossoming altar of Fedhas.
  1221 | D        | Found an opulent altar of Gozag.
  1228 | D        | Noticed a deep troll
  1228 | D        | Noticed a deep troll
  1234 | D        | Killed a deep troll
  1234 | D        | Received a gift from Trog
  1235 | D        | Reached skill level 17 in Long Blades
  1241 | D        | Killed a deep troll
  1242 | D        | Reached skill level 10 in Armour
  1282 | D        | Found a sparkling altar of Nemelex Xobeh.
  1283 | D        | Found an iron altar of Okawaru.
  1290 | D        | Noticed an obsidian statue
  1407 | D        | Bought a chain mail for 76 gold pieces
  1463 | D        | Noticed Kirke
  1463 | D        | Noticed a skeletal warrior
  1463 | D        | Noticed a kobold demonologist
  1463 | D        | Noticed a yaktaur captain
  1476 | D        | Killed a kobold demonologist
  1477 | D        | Reached XP level 10. HP: 108/108 MP: 9/9
  1477 | D        | Noticed a cane toad
  1480 | D        | Noticed a centaur warrior
  1488 | D        | Killed Kirke
  1489 | D        | Reached skill level 18 in Long Blades
  1489 | D        | Killed a cane toad
  1495 | D        | Killed a skeletal warrior
  1498 | D        | Killed a centaur warrior
  1498 | D        | Reached ****** piety under Trog
  1498 | D        | Received a gift from Trog
  1501 | D        | Killed a yaktaur captain
  1501 | D        | HP: 2/111 [something (15)]
  1501 | D        | Killed from afar by a lava snake

Illustrated notes

Levels and vault maps discovered:
D:        the_violet_keep_of_menkaure [sprint2_stairs_cluster_1,
          sprint2_shoproom, sprint2_temple, sprint2_basic_supplies,
          sprint2_obstacle_7, sprint2_obstacle_3, sprint2_obstacle_5,
          sprint2_obstacle_1, sprint2_obstacle_6, sprint2_timed_cluster_1,
          sprint2_smallroom_cluster_1, sprint2_smallroom_final_cluster_1,
          sprint2_transparent_cluster_1, sprint2_second_timed_cluster_1,
          sprint2_sniper_area_1, sprint2_heavy_combat_area_1,
          sprint2_mutation_trap_area_1, sprint2_forest_area_1,
          sprint2_light_combat_area_1, sprint2_behind_water_1,
          sprint2_near_end_vault_1]

Skill      XL: |  1  2  3  4  5  6  7  8  9 10 |
---------------+-------------------------------+-----
Fighting       | 7 8 10 12 13 15 16 17 | 17.6
Long Blades    | 7 9 11 12 13 16 17 18 | 18.6
Armour         | 4 5 6 7 8 10 12 | 12.3
Dodging        | 3 4 5 6 7 8 9 |  9.7

Action                   |  1- 3 |  4- 6 |  7- 9 | 10-12 || total
-------------------------+-------+-------+-------+-------++-------
Melee: Falchion          |     4 |    18 |    85 |       ||   107
       Headbutt          |       |     5 |    21 |     2 ||    28
       Great sword       |       |       |     4 |    23 ||    27
Invok: Berserk           |     1 |       |     5 |       ||     6
  Use: Scroll            |       |       |     9 |       ||     9
       Potion            |       |       |     1 |       ||     1
Armor: Animal skin       |       |     2 |     1 |       ||     3
       Chain mail        |       |       |    24 |     4 ||    28
Dodge: Dodged            |       |    11 |    50 |     8 ||    69
Block: Buckler           |       |       |     1 |       ||     1
